 Dungeon Crawl Stone Soup version 0.27.1-33-g824d729ab1 (webtiles) character file.

Game seed: 18104489739031159452

3088 zeram the Reanimator (level 9, -1/53 (59) HPs)
             Began as a Gnoll Necromancer on Dec 2, 2021.
             Slain by a wight (2 damage)
             ... on level 6 of the Dungeon.
             The game lasted 00:18:55 (8940 turns).

zeram the Reanimator (Gnoll Necromancer)            Turns: 8940, Time: 00:18:55

HP:   -1/53 (59)    AC:  6    Str:  3    XL:     9   Next: 89%
MP:   20/20         EV: 14    Int: 23    God:
Gold: 266           SH:  0    Dex: 13    Spells: 12/23 levels left

rFire    . . .     SeeInvis .   c - +1 dagger (holy)
rCold    . . .     Faith    .   (no shield)
rNeg     . . .     Spirit   .   l - +1 robe "Tugua" {Fly Regen+ Str-5 Int+6}
rPois    .         Reflect  .   (helmet restricted)
rElec    .         Harm     .   p - +2 cloak
rCorr    .         Rampage  .   (no gloves)
Will     .....     Clarity  +   (no boots)
Stlth    +++.......             i - amulet of magic regeneration
HPRegen  1.17/turn              (no ring)
MPRegen  0.42/turn              (no ring)

@: flying, studying Spellcasting, heavily drained
A: fangs 1, strong nose, distributed training, antennae 1, clarity, frail 1
a: no special abilities


You were on level 6 of the Dungeon.
You visited 1 branch of the dungeon, and saw 7 of its levels.

You collected 266 gold pieces.

Inventory:

Hand Weapons
 c - a +1 dagger of holy wrath (weapon)
 d - a +0 dagger of protection
 g - a +2 spear of flaming
Missiles
 b - 92 stones (quivered)
Armour
 a - a +0 robe
 l - the +1 robe "Tugua" (worn) {Fly Regen+ Str-5 Int+6}
   (You found it on level 5 of the Dungeon)

   Str:       It affects your strength (-5).
   Int:       It affects your intelligence (+6).
   Fly:       It grants you flight.
   Regen:     It increases your rate of health regeneration.
 o - a +0 kite shield
 p - a +2 cloak (worn)
Jewellery
 i - an amulet of magic regeneration (around neck)
Scrolls
 n - a scroll of fog
Potions
 e - 3 potions of brilliance
 f - 2 potions of curing
 k - a potion of magic


   Skills:
 + Level 4.6 Fighting
 + Level 4.6 Short Blades
 + Level 4.6 Long Blades
 + Level 4.6 Axes
 + Level 4.6 Maces & Flails
 + Level 4.6 Polearms
 + Level 4.6 Staves
 + Level 4.6 Slings
 + Level 4.6 Bows
 + Level 4.6 Crossbows
 + Level 4.6 Throwing
 + Level 4.6 Armour
 + Level 6.6 Dodging
 + Level 6.3 Stealth
 + Level 4.6 Shields
 + Level 4.6 Unarmed Combat
 + Level 7.9 Spellcasting
 + Level 3.8 Conjurations
 + Level 3.8 Hexes
 + Level 3.8 Summonings
 + Level 8.2 Necromancy
 + Level 3.8 Translocations
 + Level 3.8 Transmutations
 + Level 3.8 Fire Magic
 + Level 3.8 Ice Magic
 + Level 3.8 Air Magic
 + Level 3.8 Earth Magic
 + Level 3.8 Poison Magic
 + Level 5.1 Invocations
 + Level 4.6 Evocations


You had 12 spell levels left.
You knew the following spells:

 Your Spells              Type           Power      Damage    Failure   Level
a - Pain                  Necr           100%       1d9       1%          1
b - Vampiric Draining     Necr           23%        2d9       1%          3
c - Animate Dead          Necr           23%        N/A       2%          4
d - Ozocubu's Armour      Ice            27%        N/A       4%          3

Your spell library contained the following spells:

 Spells                   Type           Power      Damage    Failure   Level
 Animate Skeleton         Necr           92%        N/A       1%          1
 Sublimation of Blood     Necr           23%        N/A       1%          2
 Wereblood                Tmut           27%        N/A       2%          2
 Dazzling Flash           Conj/Hex       54%        N/A       4%          3
 Agony                    Necr           46%        N/A       7%          5
 Iskenderun's Mystic Bla  Conj/Tloc      27%        2d7       14%         4
 Starburst                Conj/Fire      13%        6d6       91%         6
 Ozocubu's Refrigeration  Ice            13%        4d7       100%        7
 Summon Hydra             Summ           13%        N/A       100%        7


Dungeon Overview and Level Annotations

Branches:
Dungeon (7/15)             Temple (0/1) D:5

Altars:
Cheibriados
Hepliaklqana
Sif Muna
Zin

Annotations:
D:6 3 runed translucent doors, SquidGame's ghost, novice TeBe


Innate Abilities, Weirdness & Mutations

You have very sharp teeth.
Your uncanny sense of smell can sniff out nearby items.
Your experience applies equally to all skills.
You have a pair of small antennae on your head.
You possess an exceptional clarity of mind.
You are frail. (-10% HP)


Message History

Casting: Vampiric Draining (safe; 1% risk of failure)
Confirm with . or Enter, or press ? or * to list all spells.
A film of ice covers your body!
The wight hits you with a +5 great sword of freezing!
The wight freezes you.
You closely miss the wight. You bite the wight, but do no damage.
The wight hits you with a +5 great sword of freezing!
The wight freezes you!
You hit the wight but do no damage.
The wight hits you with a +5 great sword of freezing!
You feel drained.
* * * LOW HITPOINT WARNING * * *
The wight freezes you.
* * * LOW HITPOINT WARNING * * *
Okay, then.
You hit the wight.
The wight convulses.
The wight is moderately damaged.
The wight closely misses you.
You hit the wight but do no damage.
The wight is moderately damaged.
You barely miss the wight.
The wight is moderately damaged.
The wight hits you with a +5 great sword of freezing!
* * * LOW HITPOINT WARNING * * *
You feel drained.
* * * LOW HITPOINT WARNING * * *
The wight freezes you.
* * * LOW HITPOINT WARNING * * *
Unknown command.
Unknown command.
Your icy armour will break if you move.
Continue?
Okay, then.
Your icy armour will break if you move.
Continue?
Your icy armour cracks and falls away as you move.
The wight hits you with a +5 great sword of freezing.
* * * LOW HITPOINT WARNING * * *
You feel drained.
* * * LOW HITPOINT WARNING * * *
The wight freezes you.
You die...

..## #.#.#..# ...# #.#.#..#
#(.# #.#.#..## ...####.......#
..........###.#
#..####.#####.# ...#
#.##>...## ...#
##.##.#...############### .###
#.........z@............# .#
#....#....#######.####..# .#
#.##...#..# #.####..#
.#####.####<##.# #.##....#
..>....##......#######.##.#.##
.#####.##.#.##.##......##.#.#
.......##.#.##.##...........#
.......##.#.##......(.###.###
.......##.#.##.##.....# #.#


You could see a wight.

Vanquished Creatures
  Pikel (D:4)
  An ugly thing (D:6)
  Sigmund (D:2)
  A vampire mosquito (D:6)
  A water moccasin (D:6)
  2 ice beasts
  A black bear (D:4)
  2 necrophages
  3 ogres (D:5)
  A centaur (D:6)
  2 lemures (D:4)
  A bullfrog (D:6)
  A scorpion (D:5)
  2 water moccasin skeletons (D:5)
  2 wights (D:6)
  A howler monkey (D:6)
  A centaur zombie (D:6)
  2 hounds (D:4)
  2 jellies
  5 orc priests
  A bullfrog skeleton (D:5)
  Crazy Yiuf (D:3)
  An iguana (D:6)
  4 orc wizards
  Natasha (thrice) (D:2)
  A hound skeleton (D:4)
  A gnoll (D:1)
  7 adders
  An ufetubus (D:5)
  4 worms
  3 dart slugs
  14 orcs
  8 endoplasms
  5 giant cockroaches
  3 goblins
  8 hobgoblins
  2 jackals (D:1)
  4 quokkas
  5 ball pythons
  8 bats
  2 frilled lizards
  4 kobolds (D:1)
  8 rats
131 creatures vanquished.

Notes
Turn   | Place    | Note
-------+----------+-------------------------------------------
     0 | D:1      | zeram the Gnoll Necromancer began the quest for the Orb.
     0 | D:1      | Reached XP level 1. HP: 13/13 MP: 6/6
   299 | D:1      | Reached XP level 2. HP: 17/19 MP: 4/7
   876 | D:1      | Reached XP level 3. HP: 25/25 MP: 9/9
   929 | D:1      | Reached skill level 5 in Spellcasting
  1138 | D:1      | Reached skill level 1 in Invocations
  1808 | D:2      | Reached skill level 1 in Fighting
  1808 | D:2      | Reached skill level 1 in Short Blades
  1808 | D:2      | Reached skill level 1 in Long Blades
  1808 | D:2      | Reached skill level 1 in Axes
  1808 | D:2      | Reached skill level 1 in Maces & Flails
  1808 | D:2      | Reached skill level 1 in Polearms
  1808 | D:2      | Reached skill level 1 in Staves
  1808 | D:2      | Reached skill level 1 in Slings
  1808 | D:2      | Reached skill level 1 in Bows
  1808 | D:2      | Reached skill level 1 in Crossbows
  1808 | D:2      | Reached skill level 1 in Throwing
  1808 | D:2      | Reached skill level 1 in Armour
  1808 | D:2      | Reached skill level 1 in Shields
  1808 | D:2      | Reached skill level 1 in Unarmed Combat
  1808 | D:2      | Reached skill level 1 in Evocations
  1808 | D:2      | Reached XP level 4. HP: 28/32 MP: 7/11
  1927 | D:2      | Learned a level 3 spell: Vampiric Draining
  1973 | D:2      | Learned a level 4 spell: Animate Dead
  2056 | D:2      | Noticed Natasha
  2060 | D:2      | Killed Natasha
  2061 | D:2      | Reached skill level 1 in Conjurations
  2061 | D:2      | Reached skill level 1 in Hexes
  2061 | D:2      | Reached skill level 1 in Summonings
  2061 | D:2      | Reached skill level 1 in Translocations
  2061 | D:2      | Reached skill level 1 in Transmutations
  2061 | D:2      | Reached skill level 1 in Fire Magic
  2061 | D:2      | Reached skill level 1 in Ice Magic
  2061 | D:2      | Reached skill level 1 in Air Magic
  2061 | D:2      | Reached skill level 1 in Earth Magic
  2061 | D:2      | Reached skill level 1 in Poison Magic
  2299 | D:2      | Reached XP level 5. HP: 18/37 MP: 6/12
  2516 | D:2      | Noticed Natasha
  2524 | D:2      | Killed Natasha
  2655 | D:2      | Noticed Sigmund
  2655 | D:2      | Noticed Natasha
  2663 | D:2      | Killed Natasha
  3281 | D:2      | Killed Sigmund
  3282 | D:2      | Reached skill level 5 in Dodging
  3282 | D:2      | Reached XP level 6. HP: 30/44 MP: 2/14
  3591 | D:3      | Found a faded altar of an unknown god.
  3901 | D:3      | Found a runed translucent door.
  3902 | D:3      | Noticed Crazy Yiuf
  4388 | D:3      | Killed Crazy Yiuf
  4910 | D:4      | Reached XP level 7. HP: 38/50 MP: 12/15
  4967 | D:4      | Gained mutation: You have a pair of small antennae on your
                  | head. [potion of mutation]
  4967 | D:4      | Gained mutation: You are frail. (-10% HP) [potion of
                  | mutation]
  4967 | D:4      | Gained mutation: You possess an exceptional clarity of
                  | mind. [potion of mutation]
  4968 | D:4      | HP: 1/45 [something/magic dart (8)]
  6141 | D:5      | Entered Level 5 of the Dungeon
  6373 | D:5      | Reached skill level 5 in Stealth
  6677 | D:5      | Reached XP level 8. HP: 13/51 MP: 1/16
  6967 | D:5      | Found a large runed translucent door.
  6968 | D:5      | Found a large runed translucent door.
  7005 | D:5      | Identified the +1 robe "Tugua" {Fly Regen+ Str-5 Int+6}
  7046 | D:5      | Noticed Pikel
  7192 | D:4      | Killed Pikel
  7248 | D:5      | Found a staircase to the Ecumenical Temple.
  7662 | D:5      | Reached XP level 9. HP: 46/58 MP: 12/19
  7932 | D:5      | Found a glowing silver altar of Zin.
  7935 | D:5      | Found a shimmering blue altar of Sif Muna.
  7958 | D:6      | Found a hazy altar of Hepliaklqana.
  7981 | D:6      | Found a snail-covered altar of Cheibriados.
  8140 | D:6      | Found a runed translucent gate.
  8140 | D:6      | Found a runed translucent gate.
  8140 | D:6      | Found a runed translucent gate.
  8257 | D:6      | Reached skill level 8 in Necromancy
  8290 | D:6      | Learned a level 3 spell: Ozocubu's Armour
  8383 | D:6      | Noticed SquidGame's ghost (novice TeBe)
  8743 | D:7      | Noticed a cyan ugly thing
  8758 | D:6      | Killed a cyan ugly thing
  8759 | D:6      | Reached skill level 5 in Invocations
  8934 | D:6      | HP: 1/55 [wight (3)]
  8940 | D:6      | HP: 2/55 [wight (6)]
  8940 | D:6      | Slain by a wight

Illustrated notes

Levels and vault maps discovered:
D:1:      eino_arrival_druids_welcome, layout_basic
D:2:      minmay_evil_eye, layout_rooms, uniq_sigmund, uniq_natasha
D:3:      layout_basic, ebering_ecumenical_altar_hall,
          minmay_misc_feat_nine_boxes, hangedman_decor_clover_reticule,
          uniq_crazy_yiuf_cottage
D:4:      layout_basic, cheibrodos_sewer_entry_drain
D:5:      layout_loops_cross, jmf_multi_god_temple2, minmay_temple_entry_grid,
          minmay_manual_moon, uniq_pikel
D:6:      layout_loops_cross, mainiacjoe_overflow_catwalk_spiral,
          gammafunk_ghost_icy, st_stairs_10
D:7:      layout_cave_pools, nemelex_spade_bored_becter, minmay_crossroads

Skill      XL: |  1  2  3  4  5  6  7  8  9 |
---------------+----------------------------+-----
Spellcasting   | 5 6 7 |  7.9
Invocations    | 1 2 3 4 5 |  5.1
Fighting       | 1 2 3 4 |  4.6
Short Blades   | 1 2 3 4 |  4.6
Long Blades    | 1 2 3 4 |  4.6
Axes           | 1 2 3 4 |  4.6
Maces & Flails | 1 2 3 4 |  4.6
Polearms       | 1 2 3 4 |  4.6
Staves         | 1 2 3 4 |  4.6
Slings         | 1 2 3 4 |  4.6
Bows           | 1 2 3 4 |  4.6
Crossbows      | 1 2 3 4 |  4.6
Throwing       | 1 2 3 4 |  4.6
Armour         | 1 2 3 4 |  4.6
Shields        | 1 2 3 4 |  4.6
Unarmed Combat | 1 2 3 4 |  4.6
Evocations     | 1 2 3 4 |  4.6
Conjurations   | 1 2 3 |  3.8
Hexes          | 1 2 3 |  3.8
Summonings     | 1 2 3 |  3.8
Translocations | 1 2 3 |  3.8
Transmutations | 1 2 3 |  3.8
Fire Magic     | 1 2 3 |  3.8
Ice Magic      | 1 2 3 |  3.8
Air Magic      | 1 2 3 |  3.8
Earth Magic    | 1 2 3 |  3.8
Poison Magic   | 1 2 3 |  3.8
Dodging        | 5 6 |  6.6
Stealth        | 5 6 |  6.3
Necromancy     | 8 |  8.2

Action                   |  1- 3 |  4- 6 |  7- 9 || total
-------------------------+-------+-------+-------++-------
Melee: Unarmed           |     1 |       |       ||     1
       Dagger            |    27 |    44 |   274 ||   345
       Bite              |     1 |     2 |    19 ||    22
       Punch             |       |     2 |     2 ||     4
Throw: Stone             |       |     1 |       ||     1
 Cast: Pain              |    47 |    68 |   111 ||   226
       Animate Dead      |       |     1 |       ||     1
       Vampiric Draining |       |     5 |    31 ||    36
       Ozocubu's Armour  |       |       |     6 ||     6
  Use: Scroll            |     2 |     3 |     6 ||    11
       Potion            |       |     1 |     6 ||     7
 Stab: Sleeping          |     2 |     5 |     4 ||    11
Armor: Robe              |    14 |    10 |    87 ||   111
Dodge: Dodged            |    34 |    48 |   236 ||   318
